[ PARTIDA AOE2 · #505769715 ]
UnrankedVietnamitas vs Tatars
Equipo del jugador · VICT
Equipo rival · DERR
[ ANÁLISIS DE REPETICIÓN · EXTRAÍDO DE LA PARTIDA GRABADA ]
Feudal
11:21
Castillos
19:08
Imperial
36:52
| APM promedio | 61.8 |
| APM pico | 127 |
| eAPM promedio | 41.5 |
| Aldeanos / militares | 181 / 322 |
Foco
⚔️ 47.2% · 🌾 52.8%
Fire Lancer ×113 · Rattan Archer ×74 · Skirmisher ×49 · Battle Elephant ×34 · Trebuchet (Packed) ×14 · Mangonel ×11
Feudal
9:44
Castillos
27:05
Imperial
37:24
| APM promedio | 74.3 |
| APM pico | 132 |
| eAPM promedio | 30.8 |
| Aldeanos / militares | 171 / 405 |
Foco
⚔️ 44.1% · 🌾 55.9%
Scout Cavalry ×237 · Cavalry Archer ×137 · Archer ×19 · Trebuchet (Packed) ×5 · Mangonel ×4 · Monk ×3
Mapa de la partida
Recursos iniciales + cada clic de construcción. Líneas = muros · curvas = relieve. ◆ oro · ⬟ piedra · ● bayas · ✦ reliquia · ◌ hueco del cierre
Tu base· ✓ Cerrada en 19:08 · 31t muro · 1 puerta(s)
Base de KARA___· ✓ Cerrada en 27:05 · 0t muro · 2 puerta(s)
Terreno inicial suavizado · ◌ = hueco del cierre detectado · pasá el cursor para detalles
Inputs por minuto
— LowEloNobody - - KARA___
Build order — LowEloNobody
Primeras 150 de 849 acciones detectadas
| 0:00 | Crear | Villager (Male) |
| 0:02 | Construir | House |
| 0:03 | Construir | House |
| 0:05 | Construir | House |
| 0:14 | Crear | Villager (Male) |
| 0:14 | Crear | Villager (Male) |
| 0:30 | Crear | Villager (Male) |
| 1:28 | Crear | Villager (Male) |
| 1:28 | Crear | Villager (Male) |
| 2:01 | Crear | Villager (Male) |
| 2:23 | Crear | Villager (Male) |
| 2:23 | Crear | Villager (Male) |
| 2:44 | Crear | Villager (Male) |
| 2:44 | Crear | Villager (Male) |
| 3:20 | Crear | Villager (Male) |
| 3:35 | Crear | Villager (Male) |
| 3:48 | Crear | Villager (Male) |
| 3:48 | Crear | Villager (Male) |
| 4:06 | Construir | House |
| 4:06 | Construir | House |
| 4:13 | Crear | Villager (Male) |
| 4:46 | Crear | Villager (Male) |
| 4:51 | Construir | Lumber Camp |
| 5:38 | Crear | Villager (Male) |
| 5:45 | Crear | Villager (Male) |
| 6:12 | Crear | Villager (Male) |
| 6:19 | Crear | Villager (Male) |
| 6:23 | Construir | Mill |
| 6:29 | Crear | Villager (Male) |
| 6:37 | Crear | Villager (Male) |
| 7:19 | Crear | Villager (Male) |
| 7:28 | Construir | Farm |
| 8:14 | Crear | Villager (Male) |
| 8:31 | Construir | House |
| 8:36 | Construir | Lumber Camp |
| 8:51 | Investigar | Feudal Age |
| 9:33 | Construir | Mining Camp |
| 10:02 | Crear | Villager (Male) |
| 10:10 | Construir | Mining Camp |
| 10:16 | Investigar | Loom |
| 10:18 | Crear | Villager (Male) |
| 10:34 | Construir | House |
| 10:38 | Construir | Palisade Wall |
| 10:38 | Crear | Villager (Male) |
| 10:44 | Construir | Palisade Wall |
| 11:09 | Construir | Palisade Wall |
| 11:15 | Crear | Villager (Male) |
| 11:21 | Edad | Edad Feudal |
| 11:23 | Construir | Blacksmith |
| 11:23 | Crear | Villager (Male) |
| 11:50 | Construir | Blacksmith |
| 11:53 | Construir | Market |
| 12:02 | Construir | Stone Wall |
| 12:30 | Crear | Villager (Male) |
| 12:40 | Construir | Watch Tower |
| 12:45 | Construir | Watch Tower |
| 12:46 | Investigar | Fletching |
| 12:48 | Investigar | Double-Bit Axe |
| 12:49 | Investigar | Horse Collar |
| 12:52 | Crear | Villager (Male) |
| 13:08 | Crear | Villager (Male) |
| 13:10 | Construir | Farm |
| 13:10 | Construir | Farm |
| 13:16 | Construir | Farm |
| 13:32 | Construir | Farm |
| 13:34 | Construir | Farm |
| 13:40 | Crear | Villager (Male) |
| 13:54 | Construir | Farm |
| 13:56 | Crear | Villager (Male) |
| 14:04 | Crear | Villager (Male) |
| 14:17 | Construir | Watch Tower |
| 14:19 | Crear | Villager (Male) |
| 14:20 | Construir | Farm |
| 14:25 | Construir | Farm |
| 14:50 | Crear | Villager (Male) |
| 14:54 | Construir | Stone Wall |
| 15:17 | Crear | Villager (Male) |
| 15:20 | Construir | Farm |
| 15:24 | Construir | Palisade Wall |
| 15:32 | Construir | House |
| 15:56 | Construir | Watch Tower |
| 16:01 | Construir | Farm |
| 16:28 | Investigar | Castle Age |
| 16:36 | Construir | Palisade Wall |
| 16:36 | Construir | Palisade Wall |
| 16:40 | Construir | House |
| 16:43 | Construir | Palisade Wall |
| 16:44 | Construir | Palisade Wall |
| 16:44 | Construir | Palisade Wall |
| 16:45 | Construir | Palisade Wall |
| 16:48 | Construir | Palisade Wall |
| 16:48 | Construir | Palisade Wall |
| 16:49 | Construir | Palisade Wall |
| 16:53 | Construir | House |
| 17:07 | Crear | Villager (Male) |
| 17:52 | Construir | Farm |
| 17:54 | Construir | House |
| 18:17 | Construir | Watch Tower |
| 18:25 | Crear | Villager (Male) |
| 18:39 | Investigar | Gold Mining |
| 18:39 | Investigar | Stone Mining |
| 18:48 | Investigar | Stone Mining |
| 18:59 | Crear | Villager (Male) |
| 19:08 | Edad | Edad de los Castillos |
| 19:10 | Construir | Siege Workshop |
| 19:16 | Construir | University |
| 19:22 | Investigar | Bodkin Arrow |
| 19:23 | Investigar | Bodkin Arrow |
| 19:23 | Crear | Villager (Male) |
| 19:41 | Crear | Mangonel |
| 19:41 | Crear | Mangonel |
| 19:48 | Crear | Mangonel |
| 19:58 | Construir | Farm |
| 20:02 | Construir | Farm |
| 20:06 | Investigar | Guard Tower (upgrade) |
| 20:20 | Crear | Villager (Male) |
| 20:35 | Crear | Villager (Male) |
| 20:43 | Construir | Farm |
| 20:46 | Construir | Farm |
| 20:47 | Crear | Villager (Male) |
| 21:02 | Crear | Mangonel |
| 21:02 | Crear | Mangonel |
| 21:05 | Crear | Villager (Male) |
| 21:18 | Crear | Villager (Male) |
| 21:33 | Construir | House |
| 21:35 | Construir | House |
| 21:37 | Crear | Villager (Male) |
| 21:43 | Crear | Villager (Male) |
| 21:45 | Construir | Farm |
| 21:54 | Investigar | Bow Saw |
| 21:54 | Investigar | Bow Saw |
| 21:55 | Crear | Villager (Male) |
| 21:58 | Crear | Villager (Male) |
| 22:04 | Construir | House |
| 22:14 | Crear | Villager (Male) |
| 22:20 | Crear | Villager (Male) |
| 22:37 | Crear | Villager (Male) |
| 22:47 | Crear | Villager (Male) |
| 22:56 | Crear | Villager (Male) |
| 23:14 | Crear | Villager (Male) |
| 23:20 | Crear | Mangonel |
| 23:22 | Crear | Mangonel |
| 23:23 | Crear | Mangonel |
| 23:25 | Crear | Villager (Male) |
| 23:31 | Crear | Villager (Male) |
| 23:47 | Crear | Villager (Male) |
| 23:55 | Crear | Villager (Male) |
| 24:00 | Construir | Stone Wall |
| 24:01 | Construir | Outpost |
| 24:04 | Crear | Villager (Male) |
Build order — KARA___
Primeras 150 de 921 acciones detectadas
| 0:00 | Crear | Villager (Male) |
| 0:01 | Crear | Villager (Male) |
| 0:01 | Construir | House |
| 0:02 | Construir | House |
| 0:14 | Crear | Villager (Male) |
| 0:16 | Crear | Villager (Male) |
| 1:26 | Crear | Villager (Male) |
| 1:26 | Crear | Villager (Male) |
| 1:50 | Construir | Lumber Camp |
| 1:52 | Crear | Villager (Male) |
| 2:15 | Crear | Villager (Male) |
| 2:15 | Crear | Villager (Male) |
| 2:50 | Crear | Villager (Male) |
| 3:11 | Crear | Villager (Male) |
| 3:11 | Crear | Villager (Male) |
| 3:34 | Construir | House |
| 3:40 | Crear | Villager (Male) |
| 3:54 | Crear | Villager (Male) |
| 3:54 | Crear | Villager (Male) |
| 4:44 | Crear | Villager (Male) |
| 5:04 | Construir | Mill |
| 5:23 | Crear | Villager (Male) |
| 5:45 | Crear | Villager (Male) |
| 5:54 | Construir | House |
| 5:59 | Construir | Mining Camp |
| 6:05 | Crear | Villager (Male) |
| 6:37 | Crear | Villager (Male) |
| 7:09 | Investigar | Loom |
| 7:32 | Investigar | Feudal Age |
| 8:37 | Construir | Barracks |
| 9:37 | Crear | Villager (Male) |
| 9:44 | Edad | Edad Feudal |
| 9:46 | Construir | Watch Tower |
| 9:47 | Construir | Archery Range |
| 9:49 | Investigar | Double-Bit Axe |
| 10:05 | Crear | Villager (Male) |
| 10:15 | Construir | House |
| 10:25 | Crear | Villager (Male) |
| 10:40 | Construir | Blacksmith |
| 10:44 | Crear | Archer |
| 10:46 | Crear | Villager (Male) |
| 10:59 | Crear | Archer |
| 11:06 | Construir | Mining Camp |
| 11:10 | Crear | Villager (Male) |
| 11:21 | Crear | Archer |
| 11:29 | Construir | House |
| 11:32 | Investigar | Fletching |
| 11:32 | Investigar | Fletching |
| 11:39 | Crear | Villager (Male) |
| 11:55 | Crear | Archer |
| 12:04 | Crear | Villager (Male) |
| 12:25 | Crear | Villager (Male) |
| 12:36 | Crear | Villager (Male) |
| 12:43 | Construir | Mill |
| 12:45 | Crear | Archer |
| 13:03 | Construir | House |
| 13:12 | Construir | Farm |
| 13:15 | Construir | Farm |
| 13:22 | Crear | Villager (Male) |
| 13:40 | Construir | Watch Tower |
| 13:50 | Construir | House |
| 13:56 | Crear | Villager (Male) |
| 14:16 | Crear | Villager (Male) |
| 14:17 | Crear | Archer |
| 14:19 | Crear | Archer |
| 14:49 | Crear | Archer |
| 15:01 | Construir | Watch Tower |
| 15:09 | Crear | Villager (Male) |
| 15:10 | Crear | Villager (Male) |
| 15:15 | Investigar | Horse Collar |
| 15:15 | Investigar | Horse Collar |
| 15:18 | Construir | Farm |
| 15:19 | Construir | Farm |
| 15:21 | Construir | Farm |
| 15:24 | Construir | House |
| 15:34 | Crear | Archer |
| 15:58 | Crear | Villager (Male) |
| 15:58 | Crear | Villager (Male) |
| 15:59 | Crear | Villager (Male) |
| 16:04 | Construir | House |
| 16:24 | Construir | Farm |
| 16:27 | Crear | Villager (Male) |
| 16:38 | Crear | Archer |
| 16:38 | Crear | Archer |
| 16:49 | Construir | Farm |
| 16:54 | Crear | Villager (Male) |
| 17:08 | Investigar | Town Watch |
| 17:13 | Investigar | Wheelbarrow |
| 17:23 | Construir | Watch Tower |
| 17:25 | Crear | Archer |
| 17:51 | Construir | Farm |
| 17:57 | Crear | Villager (Male) |
| 18:01 | Construir | Lumber Camp |
| 18:12 | Construir | House |
| 18:27 | Construir | Watch Tower |
| 18:30 | Crear | Villager (Male) |
| 19:02 | Construir | Mining Camp |
| 19:17 | Crear | Archer |
| 19:29 | Construir | Stable |
| 19:40 | Crear | Villager (Male) |
| 20:08 | Construir | Watch Tower |
| 20:11 | Crear | Scout Cavalry |
| 20:11 | Crear | Scout Cavalry |
| 20:13 | Crear | Villager (Male) |
| 20:14 | Crear | Villager (Male) |
| 20:15 | Investigar | Scale Barding Armor |
| 20:16 | Investigar | Scale Barding Armor |
| 20:26 | Construir | Farm |
| 20:27 | Construir | Farm |
| 20:31 | Construir | Farm |
| 20:34 | Construir | Lumber Camp |
| 20:39 | Construir | House |
| 20:48 | Crear | Scout Cavalry |
| 21:00 | Crear | Villager (Male) |
| 21:02 | Construir | Farm |
| 21:04 | Construir | Farm |
| 21:22 | Construir | Farm |
| 21:24 | Construir | Farm |
| 21:28 | Construir | Farm |
| 21:29 | Crear | Villager (Male) |
| 21:35 | Crear | Archer |
| 21:35 | Crear | Archer |
| 21:43 | Crear | Scout Cavalry |
| 21:54 | Crear | Villager (Male) |
| 21:55 | Crear | Archer |
| 22:01 | Construir | House |
| 22:04 | Crear | Scout Cavalry |
| 22:09 | Investigar | Forging |
| 22:12 | Investigar | Bloodlines |
| 22:12 | Investigar | Bloodlines |
| 22:33 | Crear | Villager (Male) |
| 22:33 | Crear | Villager (Male) |
| 22:37 | Construir | Farm |
| 22:38 | Construir | Farm |
| 22:39 | Construir | Farm |
| 23:19 | Construir | Market |
| 23:50 | Crear | Villager (Male) |
| 23:52 | Construir | Farm |
| 23:54 | Construir | Farm |
| 23:57 | Crear | Archer |
| 24:25 | Investigar | Castle Age |
| 24:45 | Crear | Scout Cavalry |
| 25:06 | Construir | Farm |
| 25:35 | Construir | Watch Tower |
| 25:49 | Crear | Scout Cavalry |
| 26:38 | Construir | Watch Tower |
| 27:00 | Construir | Farm |
| 27:00 | Construir | Farm |
| 27:05 | Edad | Edad de los Castillos |
| 27:05 | Crear | Scout Cavalry |
Cronología de la partida
| 8:37 | KARA___ · first_building Barracks |
| 9:44 | KARA___ · age_up feudal |
| 9:47 | KARA___ · first_building Archery Range |
| 10:38 | LowEloNobody · wall_segment Palisade Wall x5 |
| 10:44 | LowEloNobody · wall_segment Palisade Wall x4 |
| 11:09 | LowEloNobody · wall_segment Palisade Wall x11 |
| 11:21 | LowEloNobody · age_up feudal |
| 12:02 | LowEloNobody · wall_segment Stone Wall x1 |
| 14:54 | LowEloNobody · wall_segment Stone Wall x1 |
| 15:24 | LowEloNobody · wall_segment Palisade Wall x1 |
| 15:46 | LowEloNobody · first_market_buy 100 food |
| 16:06 | LowEloNobody · first_market_sell 100 wood |
| 16:36 | LowEloNobody · wall_segment Palisade Wall x1 |
| 16:36 | LowEloNobody · wall_segment Palisade Wall x1 |
| 16:43 | LowEloNobody · wall_segment Palisade Wall x1 |
| 16:44 | LowEloNobody · wall_segment Palisade Wall x1 |
| 16:44 | LowEloNobody · wall_segment Palisade Wall x1 |
| 16:45 | LowEloNobody · wall_segment Palisade Wall x1 |
| 16:48 | LowEloNobody · wall_segment Palisade Wall x1 |
| 16:48 | LowEloNobody · wall_segment Palisade Wall x1 |
| 16:49 | LowEloNobody · wall_segment Palisade Wall x1 |
| 19:08 | LowEloNobody · age_up castle |
| 19:10 | LowEloNobody · first_building Siege Workshop |
| 19:29 | KARA___ · first_building Stable |
| 24:00 | LowEloNobody · wall_segment Stone Wall x1 |
| 27:05 | KARA___ · age_up castle |
| 27:13 | KARA___ · first_building Siege Workshop |
| 27:32 | KARA___ · first_market_buy 100 stone |
| 28:17 | LowEloNobody · wall_segment Palisade Wall x1 |
| 28:56 | LowEloNobody · first_building Castle |
| 29:00 | LowEloNobody · wall_segment Palisade Wall x1 |
| 29:07 | KARA___ · first_market_sell 100 food |
| 32:29 | LowEloNobody · wall_segment Stone Wall x1 |
| 32:30 | LowEloNobody · wall_segment Stone Wall x1 |
| 32:30 | LowEloNobody · wall_segment Stone Wall x1 |
| 33:18 | KARA___ · first_building Monastery |
| 34:07 | KARA___ · first_building Castle |
| 34:07 | LowEloNobody · first_building Barracks |
| 34:20 | LowEloNobody · wall_segment Stone Wall x1 |
| 34:55 | LowEloNobody · first_building Archery Range |
| 36:52 | LowEloNobody · age_up imperial |
| 37:24 | KARA___ · age_up imperial |
| 42:20 | LowEloNobody · first_building Monastery |
| 44:06 | KARA___ · wall_segment Stone Wall x2 |
| 51:33 | KARA___ · wall_segment Stone Wall x1 |
| 52:58 | LowEloNobody · first_building Stable |
| 59:36 | KARA___ · resign |
[ ANÁLISIS IA · 1 CRÉDITO ]
¿Qué pasó realmente en esta partida?
Wolo.gg analiza cada decisión: build order, eco, micro, errores típicos por bracket. Análisis personalizado por WhatsApp o Discord en 30 segundos.
Guía civ
Vietnamitas
Perfil
Jugador #4114146